Cogmind - Beta 10.2 *** ADVENTURER MODE // 2021.05.30 @ 11:32:16 Player: darlorth Result: Destroyed by G-34 Mercenary with Small Laser Performance ------------- Evolutions (1) 500 Regions Visited (2) 400 Robots Destroyed (39) 195 Value Destroyed (832) 832 Prototype IDs (5) 100 Alien Tech Used (0) 0 Bonus (0) 0 TOTAL SCORE: 2027 Bonus ------- None Cogmind --------- Core Integrity 0/400 Matter 300/300 Energy 280/280 System Corruption 0% Temperature Cool (6) Movement Core (500) Ox9 Location -9/Materials Parts ------- > --- POWER (1) -------- Cooled Ion Engine > --- PROPULSION (3) --- (None) > --- UTILITY (3) ------ Large Storage Unit Signal Interpreter Utility Shielding > --- WEAPON (2) ------- Hammer Maul > --- INVENTORY (10) --- Large Storage Unit Structural Scanner Medium Armor Plating Light Assault Rifle Mini Grenade Launcher Hammer Hammer Peak State ------------ > --- POWER ------------ Cooled Ion Engine > --- PROPULSION ------- Aluminum Leg Aluminum Leg Improved Aluminum Leg > --- UTILITY ---------- Large Storage Unit Signal Interpreter Improved Terrain Scanner > --- WEAPON ----------- Hammer Maul > --- INVENTORY -------- Aluminum Leg Aluminum Leg Large Storage Unit Structural Scanner Utility Shielding Light Assault Rifle Mini Grenade Launcher Hammer Hammer Hammer [Rating: 15] Favorites ----------- Power Ion Engine Engine Ion Engine Propulsion Aluminum Leg Leg Aluminum Leg Utility Signal Interpreter Device Improved Terrain Scanner Storage Large Storage Unit Processor Signal Interpreter Protection Utility Shielding Weapon Hammer Ballistic Gun Light Assault Rifle Impact Weapon Hammer Build | -11 -10 -9 ------- Run | Scr Mat Mat Slots Evolved 2 | . . 2 Power . | . . . Propulsion 1 | . . 1 Utility 1 | . . 1 Weapon . | . . . Parts Attached 25 | 5 4 16 Power 3 | 1 . 2 Engine 3 | 1 . 2 Core . | . . . Reactor . | . . . Propulsion 8 | 2 . 6 Treads . | . . . Leg 8 | 2 . 6 Wheel . | . . . Hover . | . . . Flight . | . . . Utility 6 | . 3 3 Device 2 | . . 2 Storage 2 | . 2 . Processor 1 | . 1 . Hackware . | . . . Protection 1 | . . 1 Artifact . | . . . Weapon 8 | 2 1 5 Energy Gun . | . . . Energy Cannon . | . . . Ballistic Gun 2 | 2 . . Ballistic Cannon . | . . . Launcher . | . . . Special Weapon . | . . . Impact Weapon 6 | . 1 5 Slashing Weapon . | . . . Piercing Weapon . | . . . Special Melee Weapon . | . . . Unidentified Prototypes 1 | . . 1 Parts Lost 6 | . . 6 Power . | . . . Propulsion 5 | . . 5 Utility . | . . . Weapon 1 | . . 1 Highest Loss Streak 4 | . . 4 Average Slot Usage (%) 82 | . 96 75 Engine 12 | . 14 11 Leg 19 | . 28 14 Device 2 | . . 4 Storage 11 | . 13 11 Processor 11 | . 11 11 Protection 4 | . . 6 Ballistic Gun 5 | . 16 . Impact Weapon 15 | . 11 16 Naked Turns . | . . . Heaviest Build 30 | 7 24 30 Greatest Support 33 | 20 20 33 Greatest Overweight (x) 9 | . 1 9 Average Overweight (x) 1 | . . 2 Largest Inventory Capacity 10 | 4 10 10 Average Capacity 9 | 4 8 10 Most Carried 10 | 4 10 10 Average Carried 7 | 1 7 8 Final Capacity 10 | 4 10 10 Final Carried 10 | 3 10 7 Class Distribution -------------------- 100% | Mutant Dominant Class ---------------- Mutant | -10/Materials Mutant | -9/Materials Resources | -11 -10 -9 ----------- Run | Scr Mat Mat Matter Collected 433 | 246 52 135 Remotely . | . . . Salvage Created 1647 | . 361 1286 Parts 49 | . 12 37 Haulers Intercepted 6 | . 2 4 Recyclers Shooed 1 | . . 1 Parts Field Recycled . | . . . Retrieved Matter . | . . . Parts Self-Destructed . | . . . Prevented . | . . . Kills | -11 -10 -9 ------- Run | Scr Mat Mat Combat Hostiles Destroyed 18 | . 4 14 Melee 14 | . 3 11 Classes Destroyed 9 | . 5 4 Worker 3 | . 2 1 Builder 3 | . 1 2 Hauler 6 | . 2 4 Recycler 5 | . . 5 Operator 1 | . . 1 Watcher 3 | . 1 2 Grunt 12 | . 4 8 Brawler 1 | . . 1 Sentry 5 | . . 5 Best Kill Streak 5 | . 3 5 Combat Bots Only 3 | . 2 3 Max Kills in Single Turn 1 | . 1 1 Gunslinging . | . . . Exploded . | . . . Melee 1 | . 1 1 Uniques/NPCs Destroyed . | . . . Combat | -11 -10 -9 -------- Run | Scr Mat Mat Damage Taken 1512 | . 104 1408 Core 426 | . 20 406 Absorbed by Shields . | . . . Core Remaining (%) 96 | 100 92 . Volleys Fired 4 | . 4 . Largest 2 | . 2 . Hottest 40 | . 40 . Shots Fired 8 | . 8 . Gun 8 | . 8 . Cannon . | . . . Launcher . | . . . Special . | . . . Kinetic 8 | . 8 . Thermal . | . . . Explosive . | . . . Electromagnetic . | . . . Robot Hit Streak 3 | . 3 . Robot Miss Streak 3 | . 3 . Penetration Max . | . . . Secondary Targets . | . . . Shots Hit Robots 162 | . 27 135 Core Hits 29 | . 7 22 Critical Hits . | . . . Critical Kills . | . . . Critical Parts Destroyed . | . . . Melee Attacks 182 | . 30 152 Impact 182 | . 30 152 Slashing . | . . . Piercing . | . . . Sneak Attacks 23 | . 5 18 Combat Hostiles . | . . . Follow-up Attacks 23 | . . 23 Damage Inflicted 3903 | . 628 3275 Guns 23 | . 23 . Cannons . | . . . Explosions . | . . . Melee 3880 | . 605 3275 Ramming . | . . . Kinetic 23 | . 23 . Thermal . | . . . Explosive . | . . . Electromagnetic . | . . . Impact 3880 | . 605 3275 Slashing . | . . . Piercing . | . . . Highest Corruption . | . . . Average Corruption . | . . . Corruption Purged . | . . . Overload Shots . | . . . Overflow Damage 664 | . 133 531 Projectiles . | . . . Explosions . | . . . Melee 664 | . 133 531 Knockbacks 20 | . 4 16 Impact 19 | . 3 16 Kinetic . | . . . Secondary 1 | . 1 . Self-Inflicted Damage . | . . . Shots . | . . . Rammed . | . . . Targets Rammed . | . . . Kicked . | . . . Crushed . | . . . Highest Temperature . | . . . Average Temperature . | . . . Received Heat Transfer 765 | . 69 696 Siege Activations . | . . . Robots Corrupted . | . . . Combat Hostiles . | . . . Parts Fried 27 | . 7 20 Impact Corruptions 36 | . 8 28 Robots Melted . | . . . Combat Hostiles . | . . . Parts Melted . | . . . Heat Transferred . | . . . Parts Sabotaged . | . . . Parts Stolen . | . . . Parts Stripped . | . . . Power Chain Reactions . | . . . Missiles Intercepted . | . . . Alert | -11 -10 -9 ------- Run | Scr Mat Mat Peak Influence 218 | . 132 218 Initial . | . . . Average 49 | . 56 46 Maximum Alert Level 1 | . . 1 Low Security (%) 98 | 100 100 97 Level 1 1 | . . 2 Level 2 . | . . . Level 3 . | . . . Level 4 . | . . . Level 5 . | . . . High Security . | . . . Max Security . | . . . Squads Dispatched 4 | . 3 1 Investigation 3 | . 3 . Extermination . | . . . Reinforcement 1 | . . 1 Assault . | . . . Garrison . | . . . Intercept . | . . . Construction Impeded . | . . . Haulers Reinforced . | . . . Stealth | -11 -10 -9 --------- Run | Scr Mat Mat Distress Signals . | . . . Communications Jammed . | . . . Distress Signals . | . . . Times Spotted 42 | . 14 28 Peak Tracking Total 4 | . 3 4 Tactical Retreats 1 | . 1 . Traps | -11 -10 -9 ------- Run | Scr Mat Mat Traps Triggered 2 | . 2 . Indirectly . | . . . Trap Hack Attempts . | . . . Triggered . | . . . Disarmed . | . . . Reprogrammed . | . . . Reused . | . . . Traps Extracted . | . . . Installed . | . . . Triggered . | . . . Machines | -11 -10 -9 ---------- Run | Scr Mat Mat Machines Disabled . | . . . Max in Single Turn . | . . . Machines Sabotaged . | . . . Garrisons Compromised . | . . . Overloaded Fab Kills . | . . . Fab Network Shutdowns . | . . . Hacking | -11 -10 -9 --------- Run | Scr Mat Mat Machines Accessed 10 | . 10 . Terminals 7 | . 7 . Fabricators . | . . . Repair Stations 1 | . 1 . Recycling Units 2 | . 2 . Scanalyzers . | . . . Garrison Access . | . . . Total Hacks 27 | . 27 . Successful 15 | . 15 . Failed 12 | . 12 . Catastrophic 4 | . 4 . Database Lockouts . | . . . Manual 24 | . 24 . Terminals 22 | . 22 . Fabricators . | . . . Repair Stations 1 | . 1 . Recycling Units 4 | . 4 . Scanalyzers . | . . . Garrison Access . | . . . Terminal Hacks 7 | . 7 . Part Schematic 1 | . 1 . Prototype ID Bank 2 | . 2 . Terminal Index 1 | . 1 . Recall Investigation 3 | . 3 . Fabricator Hacks . | . . . Repair Station Hacks . | . . . Recycling Unit Hacks 2 | . 2 . Process 1 | . 1 . Report Inventory 1 | . 1 . Scanalyzer . | . . . Garrison Access Hacks . | . . . Unauthorized Hacks 6 | . 6 . Terminals 3 | . 3 . Botnet 3 | . 3 . Fabricators . | . . . Repair Stations 1 | . 1 . Mechanics 1 | . 1 . Recycling Units 2 | . 2 . Tunnel 2 | . 2 . Scanalyzers . | . . . Garrison Access . | . . . Data Cores Recovered . | . . . Used . | . . . Hacking Detections 7 | . 7 . Full Trace Events 2 | . 2 . Feedback Events . | . . . Feedback Blocked . | . . . Robot Schematics Acquired . | . . . Robots Built . | . . . Matter . | . . . Time . | . . . Total Robot Build Rating . | . . . Part Schematics Acquired 1 | . 1 . Parts Built . | . . . Matter . | . . . Time . | . . . Total Part Build Rating . | . . . Parts Repaired . | . . . Time . | . . . Parts Recycled . | . . . Recycled Matter 5 | . 5 . Retrieved Matter . | . . . Retrieved Components . | . . . Parts Scanalyzed . | . . . Part Schematics Acquired . | . . . Parts Damaged . | . . . Bothacking | -11 -10 -9 ------------ Run | Scr Mat Mat Used RIF Installer . | . . . Robots Hacked . | . . . Non-combat . | . . . Combat . | . . . Robot Hacks Applied . | . . . Relay Couplers Released . | . . . Robots Rewired . | . . . Allies Hacked . | . . . Hacks Repelled . | . . . Allies | -11 -10 -9 -------- Run | Scr Mat Mat Total Allies . | . . . Largest Group . | . . . Highest-Rated Group . | . . . Highest-Rated Ally . | . . . Total Orders . | . . . Ally Attacks . | . . . Total Damage . | . . . Kills . | . . . Allies Corrupted . | . . . Allies Melted . | . . . Intel | -11 -10 -9 ------- Run | Scr Mat Mat Robot Analysis Total . | . . . Derelict Logs Recovered . | . . . Drone Launches . | . . . Drone Recoveries . | . . . Exploration | -11 -10 -9 ------------- Run | Scr Mat Mat Turns Passed 3702 | 66 1233 2403 Spaces Moved 1673 | 67 746 860 Core 313 | 38 . 275 Treads . | . . . Legs 1360 | 29 746 585 Wheels . | . . . Hover . | . . . Flight . | . . . Fastest Speed 50 | 50 120 120 Average Speed 182 | 80 137 228 Slowest Speed 500 | 120 150 500 Overloaded Moves . | . . . Propulsion Burnouts . | . . . Robots Hopped . | . . . Cave-ins Triggered . | . . . Exploration Rate (%) 41 | 3 86 36 Regions Visited 2 Branch Regions . Pre-discovered Areas 2 | . 2 . Known Exits Taken 1 | . 1 . Unknown Exits Taken 1 | 1 . . Scrap Searched . | . . . Spaces Dug 5 | . 3 2 Terrain Destroyed 5 | . 3 2 Melee 5 | . 3 2 Projectile . | . . . AOE . | . . . Terrain Rammed . | . . . Walls Destroyed . | . . . Machines Disabled . | . . . Actions | -11 -10 -9 --------- Run | Scr Mat Mat Total 2071 | 78 900 1093 Wait 177 | . 100 77 Move 1671 | 66 745 860 Hop . | . . . Pick Up 26 | 7 13 6 Fast Attach 3 | 1 . 2 Attach 14 | 4 2 8 Detach . | . . . Swap 8 | . 2 6 Drop 14 | . 4 10 Fire 4 | . 4 . Melee 154 | . 30 124 Ram . | . . . Kick . | . . . Crush . | . . . Escape Stasis . | . . . Rewire . | . . . Trap . | . . . Miscellaneous . | . . . Route ------- -11/Scrapyard -10/Materials (discovered 4 exits: *Mat x2 / *Min x2) -9/Materials (discovered 1 exit: *Min) History --------- Turn | Location | Event 3 | -11/Scrapyard | Discovered new exit (range 16) 67 | -11/Scrapyard | Entered Materials 140 | -10/Materials | Discovered new exit (range 11) 197 | -10/Materials | Discovered new exit (range 6) 253 | -10/Materials | Identified exit to Mines 309 | -10/Materials | Build established: Mutant 476 | -10/Materials | Discovered new exit (range 5) 487 | -10/Materials | Identified exit to Materials 1269 | -10/Materials | Discovered exit to Materials (range 8) 1300 | -10/Materials | Entered another Materials area 1300 | -9/Materials | Evolved 2 slots: Propulsion x1, Utility x1 1910 | -9/Materials | Discovered new exit (range 14) 1924 | -9/Materials | Identified exit to Mines 2355 | -9/Materials | Core integrity fell below 50% 2429 | -9/Materials | Core integrity fell below 20% 2453 | -9/Materials | Lost 4 parts (3n1w) 3703 | -9/Materials | Destroyed by G-34 Mercenary with Small Laser Last Messages --------------- 02449_ Acquired 10 matter. 02462_ R-06 Scavenger collects Hvy. Assault Rifle. 02462_ Sneak attack on R-06 Scavenger. 02462_ R-06 Scavenger knocked back. 02487_ Acquired Med. Armor Plating. 02619_ Sneak attack on K-01 Serf. 02619_ Destroyed Wheel. 02619_ K-01 Serf system corrupted by crushing effect. 02619_ K-01 Serf knocked back. 02716_ Sneak attack on U-05 Engineer. 02716_ Destroyed Terrain Scanner. 02716_ Destroyed Lgt. Ion Engine. 02716_ U-05 Engineer system corrupted by crushing effect. 02717_ U-05 Engineer system terminally corrupted. 02717_ Wheel fried. 02717_ Terrain Scan Processor fried. 03348_ K-01 Serf cleans the Neutrino Reactor. 03555_ Acquired Maul. 03582_ Acquired 10 matter. 03667_ Sneak attack on A-02 Transporter. Map ----- +----------------------------------------------------+ | ?????????????????????????????????????????????????? | | ?????????????????????????????????????????????????? | | ?????????????????????????????????????????????????? | | ?????????????????????????????????????????????????? | | ?????????????????????????????????????????????????? | | ?????????????????????????????????????????????????? | | ?????????????????????????????????????????????????? | | ?????????????????????????????????????????????????? | | ?????????????????????????????????????????????????? | | ?????????????????????????????????????????????????? | | ?????????????????????????????????????????????????? | | ??????????????????????#??????????????????????????? | | ?????????????????????????????????????????????????? | | ?????????????????????????????????????????????????? | | ?????????????????????????????????????????????????? | | ??? ?????????????????????????????????????????????? | | ??????????##??#???#??????????????????????????????? | | #???????????#???????#????????????????????????????? | | ?????? ????????##?????????????? ????????????????? | | ???????????#???????????????????##????????????????? | | ##??? ??????#?????##??#????#??? #????????????????? | | #?? ???????#??#?## ##???????? ###??????????????? | | #??????????#??#?# T???????? ???????????????? | | #????##??#??????# #??#?? #????????????????? | | #???????????##??# ###### #????????????????? | | #########???????# ]]] + @ gr #????????????????? | | ##!!!!!!######### ]]] # g #????????????????? | | ##!!!!!!#""!"!""# ]]] + #????????????????? | | ## # "!"!" # # ##+###????????????????? | | ### # ####### #? ?????????????????? | | % #?? "????????????????? | | %% > % % #??? ???????????????? | | % #??? ???#??????????? | | ##+####### ####### # ???? ?????????????? | | % % #?############### #? ? ??" #????????????? | | * """ #???#???## + #??? ??" #????????????? | | """ ##???????# """ # #??? "????????????????? | | """ #???##???# "" # #?????????????????????? | | ]] #????????# "" # #?????????????????????? | | ] """ #?#????#?# # ##???? ???????????????? | | ] """ #???#???## # ############??????????? | | """ #?????######+#### ## #??????????? | | ##???#?# ## ## #??????????? | | #/######?#????# %%"" # # #??????????? | | # #?########### """ # % # #??????????? | | # ### # S" + + #??????????? | | # # # """ # # #??????????? | | # # !# """ # # #??????????? | | # # # ####### #??????????? | | # + # #?????###########??????????? | +----------------------------------------------------+ Best States ------------- Heat Dissipation 28 Energy Generation 14 Energy Capacity 280 Matter Stores 300 Matter Capacity 300 Sight Range 16 Terrain Scan Range 16 Terrain Scan Density 10 Resistance: KI 20 Resistance: TH 20 Resistance: EX 20 Resistance: EM 20 Resistance: I 20 Resistance: S 20 Resistance: P 20 Utility Shielding 33 Evasion (%) 50 Offensive Hacking 10 Item Schematics ----------------- Lrg. Storage Unit | -10/Materials | Hacked Robot Schematics ------------------ None Fabricated ------------ Nothing Alien Tech Used ----------------- None Achievements -------------- None Challenges ------------ None Game ------ Seed DirtyGodBlade Manual? 0 Play Time 00:27:28 Cumulative 156.3 hours Start 2021.05.30 @ 11:04:57 End 2021.05.30 @ 11:32:16 Sessions 1 Manual Loads 0 Difficulty Adventurer Special Mode None Game No. 182 Rogue 105 Adventurer 31 Explorer 46 Win Type - Total 5 Types 4/0/1/0/0/0/0/0/0 Lore% 31 Gallery% 64 Achievement% 52 Wizard Run 0 Options --------- ASCII 0 Keyboard 0 Movement Mouse Keybinds 0 Fullscreen 1 Font 12/Smallcaps Map View 83x54 Tactical HUD 1 Map Filters NONE Filters NONE Steam 1 RUN: 1bb29b29-0c6c-4ab6-b313-97d38f341f59